[Event "Ramat Gan Masters-A Winter 2023"]
[Site "Ramat Gan/ISR"]
[Date "2023.02.27"]
[Round "6.2"]
[White "Sherman, Reem"]
[Black "Aroeta, Benny"]
[Result "1/2-1/2"]
[Annotator "TA"]
[ECO "B03"]
[WhiteElo "2249"]
[BlackElo "1978"]
[PlyCount "147"]
[EventDate "2023.01.17"]
[EventType "swiss"]
[SourceTitle "playchess.com"]
[Source "ChessBase"]
[SourceQuality "1"]
[TimeControl "5400+30"]

1. e4 Nf6 2. e5 Nd5 3. Bc4 Nb6 4. Bb3 Nc6 5. Nf3 d6 6. exd6 exd6 7. O-O Be7 8. d4 O-O 9. h3 {[%emt 0:00:13] B03: Alekhine's Defence: Four Pawns Attack.} Na5 10. Nc3 Nxb3 11. axb3 Bf5 12. Bf4 {[%emt 0:01:34] [#]} h6 $146 ({Predecessor:} 12... Re8 13. Qd2 h6 14. Rfe1 Qd7 15. Ra5 a6 16. Kh2 Bf6 17. Raa1 {½-½ Romijn,B-Stallinga,R Hoogeveen Essent Amateur 2004 (8)}) 13. Qd2 Qd7 14. Kh2 Bh7 15. h4 ({Better is} 15. d5 $11) 15... Qf5 16. Rfc1 a6 17. Bg3 g5 18. d5 Bf6 19. hxg5 hxg5 20. Nd4 Qg4 21. Nde2 Rae8 22. f3 Qh5+ 23. Kg1 Bg7 24. Bf2 Nd7 25. Be3 g4 26. f4 g3 27. Nxg3 Qg4 28. Qf2 (28. Bf2 $11) 28... Re7 $1 $17 29. f5 $2 {[%emt 0:01:16][%mdl 8192] [#]} (29. Nf1 $15) 29... Rxe3 $1 $19 {[%emt 0:00:18][%mdl 576] Double Attack} 30. Nce2 (30. Nf1 Re5) 30... Rfe8 31. Ra4 Qg5 32. Rf1 Nf6 33. Rb4 Ng4 34. Qf4 Qxf4 35. Rfxf4 Nf6 36. Rxb7 Rxe2 37. Nxe2 Rxe2 38. Rxc7 Re4 $2 (38... Nxd5 39. Rc8+ Bf8 40. Rg4+ $14) (38... Bh6 39. Rf3 Ng4 40. Rc8+ Kg7) 39. Rc8+ (39. Rxe4 $142 Nxe4 40. Rc8+ Bf8 41. g4) 39... Bf8 ({Black should try} 39... Re8 $19 40. Rxe8+ Nxe8) 40. Rf3 $2 (40. Rxe4 $17 Nxe4 41. g4) 40... Ng4 (40... Nxd5 41. Rg3+ $16) 41. g3 Ne3 42. c4 Nxf5 43. b4 Nd4 44. Rf2 Re1+ 45. Kh2 Be4 46. g4 Ne2 47. Kh3 Rh1+ 48. Rh2 Nf4+ 49. Kg3 Rxh2 50. Kxh2 Nd3 51. Re8 Bg6 (51... f5 $19 52. b5 axb5 53. gxf5 Ne5 54. cxb5 Kf7) 52. c5 $2 dxc5 (52... Nxb4 53. cxd6 Kg7 54. d7 Bd6+ 55. Kh3 $18) 53. d6 {[%emt 0:00:04][%cal Bd5d6,Bd6d7][%mdl 32] [#] Strongly threatening d7.} Kg7 $2 (53... Nxb2 54. d7 Bh7 55. d8=Q $18 (55. d8=R cxb4 56. Rxf8+ Kg7 $18)) (53... Ne5 $1 $19 {...f6 is the strong threat.} 54. bxc5 f6) 54. d7 $11 Bd6+ (54... Nxb2 $2 55. d8=Q (55. d8=R cxb4 56. Rxf8 Bh7 $18) 55... Nc4 56. Rxf8 $18) 55. Kg1 Bc7 (55... Nxb2 $2 56. d8=Q $18 (56. d8=R Nc4 $17) (56. d8=R Nc4 $17)) 56. Rc8 $1 {[%emt 0:00:07] Wards off cxb4} Bb6 (56... Kf6 $5 57. Rxc7 Ke7 58. bxc5 Kd8 $17) 57. Rb8 $1 $132 {[%emt 0:02:27][%mdl 2048] White is not keeping still. Chess con chili.} Ne5 58. Rxb6 Nxd7 (58... Nxg4 59. bxc5 (59. d8=N cxb4 60. Nc6 Ne3 $18) 59... Kh7 60. d8=Q Nh6 61. c6 Ng4 62. c7 Bf5 63. Qh4+ Kg8 64. Qg5+ Kh8 65. Qxf5 f6 66. c8=Q+ Kg7 67. Rb7+ Kh6 68. Qh8#) 59. Rd6 Ne5 60. bxc5 {[%emt 0:00:18] c6 would be deadly.} Be4 61. Rxa6 Nc6 (61... Nd3 $11) 62. Rb6 (62. Kf2 $16) 62... Kf6 {[%emt 0:00:29] [#]} (62... f5 $1 $11 {keeps the balance.}) 63. Kf2 (63. b4 $1 $16 {[%cal Rb4b5] Threatens to win with b5.} Ke7 64. Kf2) 63... Ke5 {[%emt 0:01:16] The position is equal.} 64. Kg3 (64. Ke3 $5 ) 64... Kd5 65. b4 Kc4 66. Kf4 Bd5 67. b5 Kxc5 68. Rxc6+ Bxc6 69. bxc6 Kxc6 {[%emt 0:00:02] KP-KP} 70. Ke5 {[%emt 0:00:07] Black must now prevent Kf6.} Kd7 $1 71. Kf6 Ke8 72. g5 Kf8 73. g6 fxg6 74. Kxg6 {[%emt 0:00:02] White happily takes the draw.   Weighted Error Value: White=0.66/Black=0.41} 1/2-1/2

[Event "Ramat Gan Masters-A Winter 2023"]
[Site "Ramat Gan/ISR"]
[Date "2023.02.27"]
[Round "6.3"]
[White "Noy, Eyal"]
[Black "Rozen, Guy"]
[Result "1/2-1/2"]
[Annotator "TA"]
[ECO "D00"]
[WhiteElo "2117"]
[BlackElo "2027"]
[PlyCount "173"]
[EventDate "2023.01.17"]
[EventType "swiss"]
[SourceTitle "playchess.com"]
[Source "ChessBase"]
[SourceQuality "1"]
[TimeControl "5400+30"]

1. Nc3 d5 2. d4 Nf6 3. Bf4 a6 4. e3 e6 5. Nf3 Nbd7 6. Ne5 {[%emt 0:02:18] D00: 1 d4 d5: Unusual lines.} Nxe5 7. dxe5 Nd7 {[%emt 0:00:09] [#]} 8. h4 $146 {[%emt 0:07:21] Black is slightly better.} ({Predecessor:} 8. e4 c6 9. exd5 cxd5 10. Bd3 Bb4 11. O-O Bxc3 12. bxc3 b5 13. h3 g5 14. Be3 Nxe5 {1-0 Dietrich,D-Schlosser,J Rangliste 1000-1300 18868 2015}) 8... f6 (8... c5 $15) 9. exf6 $11 Nxf6 10. g4 Bb4 11. g5 Ne4 {[%emt 0:01:28] And now ...0-0 would win.} 12. a3 (12. Qd4 Qe7 $15) ({White should play} 12. Be5 $11) 12... Bxc3+ $15 (12... Nxc3 13. Qd4 O-O 14. axb4 $16 (14. bxc3 c5 $15) (14. Qxb4 Ne4 $11)) 13. bxc3 O-O {[%emt 0:00:11] aiming for ...e5.} (13... Nxc3 $2 14. Qd4 Ne4 15. Qxg7 $18) 14. Bd3 Qe7 (14... Nxc3 $2 15. Bxh7+ (15. Qh5 Ne4 $11) 15... Kxh7 16. Qh5+ Kg8 17. g6 Rxf4 18. Qh7+ Kf8 19. Qh8+ Ke7 20. Qxg7+ Kd6 21. exf4 $18) (14... Nxf2 $1 $17 15. Kxf2 e5 {[%mdl 64] Pin}) 15. Bxe4 dxe4 16. Qd4 c5 {[%emt 0:03:40] Repels Qb4. Black is weak on the dark squares} (16... b5 $11 {remains equal.}) 17. Qxe4 $16 {[%emt 0:00:37] White is more active.} Bd7 (17... e5 $14) 18. Qxb7 $18 Qe8 19. Rg1 $2 (19. Be5 $18) 19... Bc6 $36 {[%emt 0:01:50][%mdl 2048] Black is really pushing.} 20. Qb6 (20. Qb3 $17 Rd8 21. Rd1) 20... e5 $1 $19 21. Bg3 (21. Bh2 $142 Rd8 22. Rd1 (22. Qxa6 $2 Bb5 $19) 22... Rxd1+ {[%mdl 64] Overworked Piece} 23. Kxd1 Rxf2 24. Qb3+ Kh8 25. Bg3) 21... Rb8 $2 (21... Rd8 $19 22. Qb3+ (22. Qxc5 $2 Bf3 $19) (22. Qxa6 $2 Qd7 $19) 22... Bd5) 22. Qxc5 $17 Rb5 23. Qc4+ Bd5 {[%emt 0:00:07][%mdl 1024] Black has strong compensation.} 24. Qc7 (24. Qd3 $17 Qc6 25. a4 (25. Bxe5 $2 Bc4 $19)) 24... Bf3 $1 $19 25. c4 $2 (25. Qc4+ Kh8 26. e4) 25... Rf7 $2 (25... Rb7 $1 $19 26. Qxe5 Qc6) 26. Qd6 (26. Qxf7+ $1 $11 {and White stays safe.} Kxf7 27. cxb5) 26... Rd7 $2 (26... Rbb7 $1 $19 27. Qc5 (27. Bxe5 $2 Rbd7 $19) (27. Qxe5 $2 Qd8 $19) (27. Qxa6 $2 Rfd7 $19) 27... Rbd7 28. Bxe5 (28. Qxe5 $2 Qd8 $19) 28... Rf5) 27. Qxa6 $2 (27. Qxd7 $11 Qxd7 28. cxb5) 27... Rc5 (27... Rb8 $142 28. c3 Rbd8 29. Qa4 Qg6 30. c5 Qd3 31. Qb3+ Kh8 32. Qb2 Qd1+ {[%mdl 64] Back Rank} 33. Rxd1 Rxd1#) 28. Qb6 Rc6 (28... Rc8 $142 29. Qb1 Rcd8) 29. Qb1 (29. Qb3 $19 Qd8 30. c5+ (30. Bxe5 $2 Rd1+ {[%mdl 64] Back Rank} 31. Rxd1 Qxd1#) 30... Kh8 31. c4 (31. Bxe5 $2 Rd1+ {[%mdl 64] Back Rank} 32. Rxd1 Qxd1#) 31... Rxc5 32. Bxe5 Rxe5 33. Rg3) 29... Rcd6 30. c5 Rc6 $2 (30... Rd2 $19 {( -> ...Qd8)} 31. c6 R7d6) 31. Qb3+ $1 $14 Kh8 32. e4 $1 Qf8 (32... Bxe4 $14 33. f3 Bg6) 33. Bxe5 $16 Rxc5 34. Rg3 $1 Bxe4 35. Qb4 $1 {[%emt 0:04:23] Black must now prevent Rc3.} (35. Qe6 Re7 36. Bd6 Rxc2 $15) 35... Bxc2 36. Re3 {[%emt 0:00:53][%cal Oe5d6] Threatens to win with Bd6!} Rd8 {[%emt 0:01:22] Dodges Bd6} (36... Qc8 $16 {was called for.} 37. Bd4 Rcc7) 37. Rc1 $1 $18 Re8 $2 (37... Rcc8 38. Qxf8+ Rxf8) 38. Qb2 $2 (38. Bc3 Rxc3 39. Qxf8+ Rxf8 40. Rxc3) 38... Rec8 39. Re2 $2 (39. h5 $18) 39... Qf3 $1 $11 {[%emt 0:00:34] ...Qh1+ is the strong threat.} 40. Bxg7+ Kg8 41. Bd4 (41. Rcxc2 $2 Qh1+ 42. Kd2 Rxc2+ 43. Qxc2 Rxc2+ 44. Kxc2 Kxg7 $19) 41... Rc4 {[%emt 0:00:48] ...Qh1+ would be deadly.} 42. Re3 (42. Rexc2 $11 Re8+ 43. Be3 Rxe3+ 44. fxe3 Qh1+ 45. Kf2 Qh2+ 46. Ke1 Qh1+ 47. Kf2 Qh2+ 48. Kf1 Qh1+ 49. Kf2) 42... Qh1+ $15 43. Ke2 {[%emt 0:00:33][%cal Be1e2,Be2d3,Bd3c4][%mdl 32] [#]} Bd3+ 44. Kxd3 $11 Rxc1 45. Qb3+ R1c4 46. Qxc4+ (46. Re8+ {is interesting.} Rxe8 47. Qxc4+ Kf8 48. Kc2) 46... Rxc4 47. Kxc4 Qxh4 {[%emt 0:00:15][%mdl 4096] Endgame KQ-KRB} 48. Re7 Qh1 49. Ra7 Qc6+ 50. Bc5 Qe6+ 51. Kb5 Qb3+ 52. Ka6 (52. Kc6 $5 ) 52... Qa4+ 53. Kb6 Qb3+ 54. Kc7 Qf7+ 55. Kc6 Qe6+ 56. Kb7 $2 {[%emt 0:00:30] [#]} (56. Kb5 $11 {and White is okay.}) 56... Qd7+ $2 (56... Qd5+ $1 $19 57. Kb6 Qxg5 58. Ra8+ Kg7 59. Bd4+ Kf7) 57. Kb6 Qe6+ 58. Ka5 Qe1+ 59. Ka6 Qe2+ 60. Kb6 Qe6+ 61. Kc7 (61. Ka5 $11 {keeps the balance.}) 61... Qf7+ ({Better is} 61... Qe5+ $17 62. Bd6 Qg7+ 63. Kb6 Qxg5) 62. Kb6 (62. Kc6 $5 Qg6+ 63. Kb5 $15) 62... Qe6+ 63. Kb5 Qe2+ 64. Ka4 (64. Kb6 $5 ) 64... Qd1+ 65. Kb4 Qe1+ 66. Kc4 Qe6+ 67. Kc3 {[%emt 0:00:24] The position is equal.} Qh3+ 68. Be3 Qc8+ 69. Kd2 Qd8+ 70. Ke1 Qd3 71. a4 Qb1+ 72. Ke2 Qc2+ 73. Kf3 Qd1+ 74. Kf4 Qd6+ 75. Kg4 Qe6+ 76. Kg3 Qe5+ 77. Bf4 Qc3+ 78. Kh2 Qf3 79. Be3 Qg4 80. Kh1 Qh3+ 81. Kg1 Qg4+ 82. Kh2 Qh4+ 83. Kg1 $1 Qg4+ 84. Kf1 Qd1+ 85. Kg2 Qg4+ 86. Kh2 Qh4+ 87. Kg2 {[%emt 0:00:07] Black defended with fortune. An exciting game.   Weighted Error Value: White=0.80/Black=0.78} 1/2-1/2

[Event "Ramat Gan Masters-A Winter 2023"]
[Site "Ramat Gan/ISR"]
[Date "2023.02.27"]
[Round "6.4"]
[White "Hasson Shreger, Shalev"]
[Black "Kochavi, Dana"]
[Result "1-0"]
[Annotator "TA"]
[ECO "B12"]
[WhiteElo "1823"]
[BlackElo "1956"]
[PlyCount "71"]
[EventDate "2023.01.17"]
[EventType "swiss"]
[SourceTitle "playchess.com"]
[Source "ChessBase"]
[SourceQuality "1"]
[TimeControl "5400+30"]

1. e4 c6 2. d4 d5 3. e5 Bf5 4. h4 a6 5. a3 {[%emt 0:00:00] [#]} h6 $146 ({Predecessor:} 5... h5 6. c4 e6 7. Nc3 Ne7 8. Nge2 dxc4 9. Ng3 b5 10. Nxh5 Nd7 11. Ng3 Nb6 12. Bg5 {1-0 Hong,A (2504)-Liang,A (2613) Junior Speed Qual blitz 2022 (1.55)}) 6. Bd3 {[%emt 0:00:00] B12: Caro-Kann: Advance Variation.} (6. g4 $5 Bh7 7. e6 $14) 6... Bxd3 7. Qxd3 e6 8. Ne2 {[%emt 0:00:00] The position is equal.} c5 9. Nd2 cxd4 10. Nxd4 Nc6 11. N2f3 Nxd4 12. Qxd4 Ne7 13. Bd2 Nc6 14. Qg4 g6 15. O-O Bg7 16. h5 g5 17. Rfe1 Qc7 18. Rad1 Rc8 19. Bc3 O-O 20. Rd3 Kh8 21. Qh3 d4 {[%emt 0:01:55][%mdl 64] Deflection} 22. Nxd4 Nxe5 23. Rde3 {[%emt 0:00:00][%cal Oe3e5] And now Rxe5! would win.} g4 {[%emt 0:11:34] [#]} (23... Nc6 $1 $11 24. Nxe6 fxe6 25. Rxe6 Nd4 26. Bxd4 Bxd4 27. Rxh6+ Kg8 28. Qe6+ Qf7) 24. Qh4 $1 $16 {[%emt 0:00:00][%cal Oe3e5] Strongly threatening Rxe5!} Nc4 (24... Qd6 $16) 25. Re4 $18 Qd8 26. Qg3 ({Don't play} 26. Qxg4 Rg8 27. Nxe6 Bxc3 28. Nxd8 Rxg4 $18) (26. Rxg4 Qxh4 27. Rxh4 Rfd8 $11) 26... Qc7 27. Qxc7 ({Resist} 27. Qxg4 $6 f5 28. Qg6 Rf6 29. Rxe6 Rxg6 30. hxg6 Nd6 $18) ({Weaker is} 27. Rxg4 Qxg3 28. Rxg3 Rg8 $14) (27. Nxe6 $18 fxe6 28. Bxg7+ Qxg7 29. Rxg4) 27... Rxc7 $16 28. Rxg4 e5 $2 (28... Rg8 $16 {was necessary.}) 29. Nf5 $18 f6 $2 (29... Bf6 30. Nxh6 Kh7) 30. Nxg7 {[%emt 0:12:42][%mdl 64] [#] aiming for Ne6. Deflection. White is clearly winning.} Rxg7 31. Rxc4 Rd8 32. f4 Rg4 33. Rce4 Rdg8 34. R1e2 Rd8 35. fxe5 Rd1+ 36. Kh2 {[%emt 0:00:00] Weighted Error Value: White=0.17 (very precise) /Black=0.46} 1-0

[Event "Ramat Gan Masters-A Winter 2023"]
[Site "Ramat Gan/ISR"]
[Date "2023.02.27"]
[Round "6.5"]
[White "Gurevich, Neria"]
[Black "Tashkinova, Sofiia"]
[Result "1/2-1/2"]
[Annotator "TA"]
[ECO "E11"]
[WhiteElo "1543"]
[BlackElo "1928"]
[PlyCount "125"]
[EventDate "2023.01.17"]
[EventType "swiss"]
[SourceTitle "playchess.com"]
[Source "ChessBase"]
[SourceQuality "1"]
[TimeControl "5400+30"]

1. d4 Nf6 2. c4 e6 3. Nf3 Bb4+ 4. Bd2 Qe7 5. g3 Nc6 6. Bg2 Bxd2+ 7. Nbxd2 d6 8. O-O a5 9. e4 e5 10. d5 Nb8 11. Ne1 h5 12. h4 O-O 13. Nd3 {[%emt 0:01:08] E11: Bogo-Indian.} Bg4 14. f3 Bd7 15. b3 {[%emt 0:02:20] White has an edge.} c6 16. a3 Na6 17. Rc1 Rfc8 {[%emt 0:00:33] [#]} 18. Qe2 $146 ({Predecessor:} 18. dxc6 bxc6 19. Qe2 Rab8 20. c5 Nxc5 21. Nxc5 dxc5 22. Qe3 Be6 23. Qxc5 Qc7 24. Qc3 {0-1 Matthiesen,M (2370)-Kollars,D (2429) Aarhus Chess House 2016 (6)}) 18... Nc7 19. Rfe1 Rab8 20. f4 Ng4 21. fxe5 Nxe5 22. Nf4 (22. Nxe5 $14 Qxe5 23. Kh2) 22... Bg4 $15 23. Qe3 Qd7 24. Nf3 f6 25. c5 Re8 {[%emt 0:04:29][%cal Oc7d5] Black wants to play ...Nxd5!} 26. Red1 (26. Nh2 $11) 26... dxc5 $1 27. Rxc5 (27. Rd2 $15) 27... b6 $36 {[%emt 0:01:12][%mdl 2048] Black is really pushing.} (27... Qd6 {keeps more tension.} 28. b4 Nxd5 29. Qf2 axb4 30. axb4 Bxf3 31. Bxf3 Nxf4 32. gxf4 Nxf3+ 33. Qxf3 Qe6) 28. Rcc1 {[%emt 0:00:39] [#] aiming for dxc6.} cxd5 (28... Nxd5 $1 $17 29. Nxe5 (29. Nxd5 cxd5 30. Qf2 Bxf3 $17) 29... fxe5 30. Nxd5 Bxd1 31. Rxd1 cxd5 32. exd5 Qd6) 29. Qf2 Qf7 (29... Qd6 $15 {keeps the upper hand.}) 30. Nxd5 {[%emt 0:01:08] White is more active.} (30. exd5 $16 Rf8 31. Re1) 30... Nxd5 31. Rxd5 Nd7 32. Nd4 Nc5 (32... Rbc8 $17 33. Rxc8 Rxc8) 33. Nf5 $2 (33. Qc2 $1 $11 {and White is okay.}) 33... Nxe4 $19 34. Qd4 Qe6 {[%emt 0:02:51][%mdl 8192] [#]} (34... Bxf5 $19 {and life is good for Black.} 35. Rxf5 Rbd8 36. Qxb6 Nxg3) 35. Bxe4 (35. Nxg7 $1 $18 Kxg7 36. Bxe4) 35... Qxe4 36. Qxe4 Rxe4 37. Rc7 $2 (37. Rf1) 37... Bxf5 (37... Re1+ $142 38. Kf2 Re2+ 39. Kf1 Rbe8 40. Rxg7+ Kh8 41. Rxg4 hxg4) 38. Rxf5 {[%emt 0:00:11][%mdl 4096] Endgame KRR-KRR} Re3 39. Kf2 Rxb3 40. Rd5 Kh7 ({Inferior is} 40... Rxa3 41. Rdd7 $15) 41. Rxh5+ Kg6 42. Rd5 Rxa3 43. h5+ (43. Rd4 $142) 43... Kh6 44. g4 b5 {[%emt 0:02:54] White must now prevent ...b4.} 45. Rc6 Kh7 46. Rd7 Ra2+ (46... b4 $19 47. Rcc7 Rg8) 47. Kf3 (47. Kg3 $17 {is a better defense.}) 47... Ra1 48. Kf2 Rf8 49. Rcc7 Rg8 {[%emt 0:00:22] Strongly threatening ...a4.} 50. Rc6 Ra4 51. Kf3 Ra1 52. Kf2 $1 b4 $2 (52... Kh6 $19 {And now ...a4 would win.} 53. Rd5 b4 54. g5+ Kxh5 55. gxf6+ g5) 53. Rxf6 $11 {[%emt 0:00:10] The position is equal.} Rd8 54. Rb7 Ra2+ 55. Ke3 Ra3+ 56. Ke4 Re8+ 57. Kf4 $1 Rb8 58. Rd7 Rd8 59. Rb7 Rd4+ 60. Kg5 $1 {[%emt 0:00:24] White wants to mate with h6.} Rg3 61. Rh6+ Kg8 62. Rb8+ Kf7 63. Rb7+ {[%emt 0:00:11] Black had all chances to win. An exciting game.   Weighted Error Value: White=0.38/Black=0.46} 1/2-1/2

[Event "Ramat Gan Masters-A Winter 2023"]
[Site "Ramat Gan/ISR"]
[Date "2023.02.27"]
[Round "6.6"]
[White "Goz, Shachar"]
[Black "Duchan, Yoav"]
[Result "0-1"]
[Annotator "TA"]
[ECO "B07"]
[WhiteElo "1623"]
[BlackElo "1945"]
[PlyCount "114"]
[EventDate "2023.01.17"]
[EventType "swiss"]
[SourceTitle "playchess.com"]
[Source "ChessBase"]
[SourceQuality "1"]
[TimeControl "5400+30"]

1. f4 g6 2. Nf3 Bg7 3. e4 d6 4. Nc3 Bg4 5. h3 Bd7 (5... Bxf3 $11 {remains equal.} 6. Qxf3 e6) 6. Bc4 {[%emt 0:00:16] [#] B07: Pirc Defence: Miscellaneous Systems.} (6. d4 $16) 6... Nc6 $146 ({Predecessor:} 6... e5 7. d3 Nc6 8. a4 Nd4 9. O-O Be6 10. Bxe6 fxe6 11. fxe5 dxe5 12. Ng5 Bf6 {1-0 Melchers,D (1953)-Niedzwiecki,M Mazowiec-chT op 1516 2015 (3.13)}) 7. O-O Na5 8. Qe2 (8. Be2 $14 {is more appropriate.}) 8... Nxc4 $11 9. Qxc4 c5 10. e5 (10. d4 $14) 10... Be6 ({Black should try} 10... Nh6) 11. Qb5+ Qd7 12. exd6 exd6 13. Re1 Qxb5 14. Nxb5 Kd7 15. d4 Bd5 ({Black should play} 15... a6 $15 16. Nc3 cxd4) 16. dxc5 Bxf3 17. gxf3 dxc5 18. Rd1+ Kc6 19. Rd6+ (19. c4 $11 Bf8 20. b3) 19... Kxb5 $17 20. a4+ Kc4 21. Rd3 {[%emt 0:00:23] [#] White wants to mate with b3+.} Bd4+ 22. Kf1 Kd5 23. c3 {[%emt 0:00:09][%mdl 64] Pin} Kc4 24. Ke2 {[%emt 0:01:44] [#]} Re8+ (24... Bf2 $142 $1 {...Re8+ would be deadly.} 25. b3+ Kxb3 26. Kxf2 Nh6) 25. Kd2 Bxc3+ 26. bxc3 $4 {[%emt 0:01:50][%mdl 8192] White does not recover from this.} (26. Rxc3+ $11 Kd5 27. b4 cxb4 28. Rd3+ Ke6 29. Ba3) 26... Nf6 27. Rb1 $2 (27. a5 {only move.}) 27... Rd8 28. Rxd8 Rxd8+ $19 {[%emt 0:00:01][%mdl 4096] Endgame KRB-KRN} 29. Kc2 b6 {[%emt 0:00:36] aiming for ...Rd3.} 30. Bd2 Rd3 31. Rf1 Nd5 32. Re1 {[%emt 0:01:08] Strongly threatening Re4+.} f5 {[%emt 0:02:10] Prevents Re4+} (32... Rxf3 $2 33. Re4#) 33. h4 Rxf3 34. h5 Nxc3 35. Re7 Ne4 {[%emt 0:01:29] ...Rf2 is the strong threat.} 36. Bc1 gxh5 37. Rxh7 Rf2+ 38. Kd1 Nc3+ 39. Ke1 Re2+ 40. Kf1 Ra2 41. Be3 Nd5 42. Bf2 Ra1+ 43. Kg2 Rxa4 44. Bg3 b5 45. Rxh5 Ra2+ 46. Kh3 b4 47. Rxf5 b3 {[%emt 0:00:08] ( -> ...b2)} 48. Rf7 b2 {[%emt 0:00:07] Black mates.} 49. Rb7 Nb4 50. f5 b1=Q 51. f6 Qf5+ 52. Kh4 Qxf6+ 53. Kh3 Qh6+ 54. Kg4 Qg6+ 55. Kh4 Ra1 56. Rxb4+ cxb4 57. Kh3 Rg1 {[%emt 0:00:12] Weighted Error Value: White=0.70/Black=0.36} 0-1

[Event "Ramat Gan Masters-A Winter 2023"]
[Site "Ramat Gan/ISR"]
[Date "2023.02.27"]
[Round "6.7"]
[White "Lapushnian, Maya"]
[Black "Sobel, Ido"]
[Result "1-0"]
[Annotator "NA RC COMBH"]
[ECO "B12"]
[WhiteElo "1707"]
[BlackElo "1871"]
[PlyCount "67"]
[EventDate "2023.01.17"]
[EventType "swiss"]
[SourceTitle "playchess.com"]
[Source "ChessBase"]
[SourceQuality "1"]
[TimeControl "5400+30"]

1. e4 c6 2. d4 d5 3. e5 Bf5 4. Nf3 e6 5. Be2 Nd7 6. O-O Ne7 7. Nh4 h6 8. Nxf5 Nxf5 9. c3 c5 10. g4 (10. Bd3 $14) 10... Nh4 11. Na3 a6 12. Nc2 Qb6 13. a4 Be7 14. f4 cxd4 15. cxd4 Rc8 16. Ne3 g5 17. a5 Qa7 18. Qa4 (18. f5 $16) 18... Rc6 (18... gxf4 $1 $11 19. Rxf4 O-O 20. Qxd7 Ng6) 19. Ng2 Nxg2 20. Kxg2 O-O 21. fxg5 hxg5 {[%emt 0:00:01] [#]} 22. h4 gxh4 {[%emt 0:09:50] [#]} ({Black should try} 22... Rfc8 $1 $14) 23. g5 $1 Rfc8 24. Bd3 Kg7 $2 (24... Kf8 25. g6 f5) 25. Qd1 h3+ 26. Kh2 Kf8 {[%emt 0:09:04] [#]} 27. Rxf7+ $3 {[%emt 0:01:12] Decoy} Ke8 {[%emt 0:00:01] [#]} 28. Qg4 $1 Rc2+ 29. Bxc2 Rxc2+ 30. Kxh3 Kxf7 31. g6+ Kg7 32. Qh5 Nf8 33. Bh6+ Kg8 34. Bxf8 1-0

[Event "Ramat Gan Masters-A Winter 2023"]
[Site "Ramat Gan/ISR"]
[Date "2023.02.27"]
[Round "6.8"]
[White "Weber, Yonatan"]
[Black "Malachi, Avraham"]
[Result "0-1"]
[Annotator "TA"]
[ECO "C28"]
[WhiteElo "1527"]
[BlackElo "1975"]
[PlyCount "68"]
[EventDate "2023.01.17"]
[EventType "swiss"]
[SourceTitle "playchess.com"]
[Source "ChessBase"]
[SourceQuality "1"]
[TimeControl "5400+30"]

1. e4 e5 2. Bc4 Bc5 3. Nc3 Nf6 4. d3 Nc6 5. f4 exf4 6. Bxf4 {[%emt 0:00:10] C28: Vienna Game: 2...Nf6 3 Bc4 Nc6.} O-O 7. Nf3 d6 8. d4 {[%emt 0:00:30] The position is equal.} Bb4 9. Bg5 {[%emt 0:00:53] [#]} h6 $146 ({Predecessor:} 9... Bxc3+ 10. bxc3 h6 11. Bxf6 Qxf6 12. O-O Bg4 13. h3 Bh5 14. g4 Bg6 15. g5 Qf4 {1-0 Helin,M (1972)-Jacobsen,C Gibraltar Masters 8th 2010 (7)}) 10. Bh4 Bg4 11. Qd3 {[%emt 0:04:04] aiming for 0-0.} ({Much worse is} 11. O-O g5 12. Be1 Bxc3 13. Bxc3 Nxe4 $15) 11... Qe7 12. Bxf6 (12. O-O $14 Bxc3 13. bxc3 Qxe4 14. Bxf6 Qxd3 15. Bxd3 gxf6 16. Nd2) 12... Qxf6 $11 13. O-O Bxf3 14. e5 {[%emt 0:10:49] Now White is beyond hope.} (14. Nb5 $15) 14... Qh4 $19 {[%emt 0:05:57] [#] ...Bh5 would be deadly.} (14... dxe5 15. Rxf3 e4 16. Nxe4 Qxd4+ 17. Qxd4 Nxd4 18. Rf2 $17) 15. Rxf3 Qxd4+ ({Inferior is} 15... dxe5 16. Ne4 Rad8 17. d5 $15) 16. Qxd4 Nxd4 17. Rf4 (17. Rf2 $142) 17... dxe5 18. Re4 Bd6 19. Rf1 Nxc2 20. Nb5 Bc5+ 21. Kh1 c6 22. Nc7 Rac8 23. Rxe5 Bd6 (23... Ne3 $142 24. Rxc5 Nxf1 25. Bxf1 Rxc7) 24. Re2 Nd4 25. Re4 Bc5 26. Ne8 {[%emt 0:00:00] [#]} (26. b4 {was necessary.} Bxb4 27. Rxd4 Rxc7 28. a4) 26... b5 ({Weaker is} 26... Rcxe8 27. Rxe8 Rxe8 28. Bxf7+ Kf8 29. Bg6+ Ke7 30. Re1+ Ne6 31. Bxe8 $16) 27. Nd6 (27. b4 {is a better defense.} Bxb4 28. Bd3) 27... Bxd6 28. Rxd4 Bc5 29. Bxf7+ Rxf7 30. Rxf7 Bxd4 {[%emt 0:00:00] KRB-KR} 31. Rd7 Bxb2 32. Rxa7 c5 {[%emt 0:00:00][%cal Bc6c5,Bc5c4][%mdl 32] Black mates.} 33. a4 bxa4 34. Rxa4 c4 {[%emt 0:00:00] Weighted Error Value: White=0.86/Black=0.16 (very precise)} 0-1

[Event "Ramat Gan Masters-A Winter 2023"]
[Site "Ramat Gan/ISR"]
[Date "2023.02.27"]
[Round "6.9"]
[White "Meirovich, Ilay"]
[Black "Neumann, Amit"]
[Result "1-0"]
[Annotator "TA"]
[ECO "E16"]
[WhiteElo "1979"]
[BlackElo "1615"]
[PlyCount "47"]
[EventDate "2023.01.17"]
[EventType "swiss"]
[SourceTitle "playchess.com"]
[Source "ChessBase"]
[SourceQuality "1"]
[TimeControl "5400+30"]

1. d4 Nf6 2. c4 e6 3. Nf3 b6 4. g3 Bb7 5. Bg2 Bb4+ 6. Bd2 Qe7 7. O-O {[%emt 0:00:09] E16: Queen's Indian: 4 g3 Bb7 5 Bg2 Bb4+.} Ne4 (7... c5 $11 {keeps the balance.}) 8. Bf4 $16 Bd6 9. Be3 {[%emt 0:01:53] [#]} (9. Nfd2 $16 f5 10. Be3) 9... f5 $146 ({Better is} 9... Nc6 $14) ({Predecessor:} 9... Nc6 10. Nbd2 Nxd2 11. Qxd2 O-O 12. Rac1 Qe8 13. c5 Be7 14. Ne5 Nxe5 15. Bxb7 Rb8 {½-½ Passager,J (2226)-Bollore,J (2124) FRA-chT2 1011 2010 (1.2)}) 10. Qc1 (10. Ng5 $16) 10... c5 $14 11. Rd1 ({White should play} 11. Ng5 $16) 11... O-O 12. Nc3 Nxc3 13. Qxc3 f4 14. gxf4 (14. dxc5 {seems wilder.} bxc5 15. Qd3 fxe3 16. Qxd6 exf2+ 17. Kxf2 Qf6 18. Kg1) 14... Bxf4 15. Bxf4 Rxf4 16. d5 (16. dxc5 $11 bxc5 17. Qd3) 16... exd5 {[%emt 0:01:23] White must now prevent ...d4.} (16... d6 $5 ) 17. cxd5 d6 (17... Qxe2 $2 18. Re1 Rc4 19. Rxe2 $18) 18. Qd2 (18. Qe3 $15 Qxe3 19. fxe3) 18... Rf5 19. e4 {[%emt 0:01:13] [#]} Qxe4 (19... Rh5 $1 $17) 20. Re1 $36 {[%emt 0:00:03][%mdl 2048] White has the initiative.} Qg4 (20... Qxd5 $2 21. Re8+ Rf8 22. Rxf8+ Kxf8 23. Qf4+ Qf7 24. Qxf7+ Kxf7 25. Ng5+ {[%mdl 64] Discovered Attack, Double Attack} Kg6 26. Bxb7 Kxg5 27. Bxa8 $18) 21. Re8+ Kf7 $2 (21... Rf8 $14 22. Re7 Bc8) 22. Qe2 {[%emt 0:06:35][%csl Gd5,Ge8][%cal Re2e6] White is clearly winning.} Bxd5 {[%emt 0:01:58][%cal Og4g2] [#] Hoping for ...Qxg2+!} 23. Ne5+ $1 {[%emt 0:00:03][%mdl 576] Discovered Attack} Rxe5 (23... Kxe8 24. Nxg4+) 24. Qxg4 {[%emt 0:00:02] Weighted Error Value: White=0.31/Black=0.39} 1-0